 Dungeon Crawl Stone Soup version 0.20.1-1-g8b1a95d (console) character file.

107 hilaritas the Changer (level 4, -8/19 HPs)
             Began as a Felid Transmuter on Nov 26, 2017.
             Mangled by an ice beast (14 damage)
             ... on level 3 of the Dungeon.
             The game lasted 00:10:01 (4441 turns).

hilaritas the Changer (Felid Transmuter)            Turns: 4441, Time: 00:10:02

Health: -8/19      AC:  1    Str:  6    XL:     4   Next: 56%
Magic:  8/8        EV: 18    Int: 16    God:
Gold:   154        SH:  0    Dex: 16    Spells: 3/7 levels left
                                        Lives:  0   Deaths: 1

rFire    . . .     SeeInvis +     - Unarmed
rCold    . . .     Gourm    .   (shield unavailable)
rNeg     . . .     Faith    .   (armour unavailable)
rPois    .         Spirit   .   (helmet unavailable)
rElec    .         Reflect  .   (cloak unavailable)
rCorr    .         Harm     .   (gloves unavailable)
MR       .....                  (boots unavailable)
Stlth    +++.......             (no amulet)
Regen    0.1/turn               (no ring)
MPRegen  0.2/turn               (no ring)

@: appendage, quick
A: no armour, no weapons or thrown items, stealth, claws 1, fangs 3, horns 2,
see invisible, carnivore 3, speed 1, shaggy fur 1, slow metabolism 1, sharp paws
a: End Transformation


You were on level 3 of the Dungeon.
You were completely stuffed.
You had grown temporary horns.
You visited 1 branch of the dungeon, and saw 3 of its levels.

You collected 154 gold pieces.

Inventory:

Missiles
 a - 51 arrows
Jewellery
 k - a cursed -5 ring of strength {unknown}
 p - an uncursed amulet of the gourmand {unknown}
 q - an uncursed ring of see invisible {unknown}
Scrolls
 d - 4 scrolls of teleportation {unknown}
 e - 2 scrolls of immolation {unknown}
 f - a scroll of blinking {unknown}
 j - 4 scrolls of identify {unknown}
 n - a scroll of noise {unknown}
 s - a scroll of fear {unknown}
Potions
 g - a potion of brilliance {unknown}
 h - a potion of flight {unknown}
 i - a potion of cancellation {unknown}
 l - a potion of heal wounds {unknown}
 m - 2 potions of haste
 o - a potion of curing
 r - 2 potions of agility {unknown}
 t - a potion of lignification {unknown}
Books
 b - a book of Changes

   Spells                             Type                      Level
   a - Beastly Appendage              Transmutation                1
   b - Sticks to Snakes               Transmutation                2
   c - Spider Form                    Transmutation/Poison         3
   d - Ice Form                       Ice/Transmutation            4
   e - Blade Hands                    Transmutation                5
Comestibles
 c - 4 meat rations


   Skills:
 - Level 1.0 Fighting
 - Level 2.6 Dodging
 - Level 3.2 Stealth
 - Level 4.0 Unarmed Combat
 - Level 2.0 Spellcasting
 * Level 4.8 Transmutations


You had 3 spell levels left.
You knew the following spells:

 Your Spells              Type           Power        Failure   Level  Hunger
a - Beastly Appendage     Tmut           ###...       3%          1    #......
b - Spider Form           Tmut/Pois      #.........   22%         3    ###....


Dungeon Overview and Level Annotations

Branches:
Dungeon (3/15)

Altars:


Innate Abilities, Weirdness & Mutations

You cannot wear armour.
You are incapable of wielding weapons or throwing items.
Your paws allow you to move quietly. (Stealth)
You have sharp claws.
You have razor-sharp teeth.
You have supernaturally acute eyesight. (SInv)
You are carnivorous and can eat meat at any time.
You cover ground quickly.
You are covered in fur. (AC +1)
You have a slow metabolism.
Your sharp claws are effective at attacking unaware monsters.
You have a pair of horns on your head.


Message History

The ice beast closely misses you.
You barely miss the ice beast.
You headbutt the ice beast, but do no damage.
The ice beast is lightly wounded.
The ice beast barely misses you.
You scratch the ice beast.
The ice beast is moderately wounded.
The ice beast closely misses you.
You scratch the ice beast but do no damage.
Your bite misses the ice beast.
The ice beast is moderately wounded.
The ice beast hits you. The ice beast freezes you!
* * * LOW HITPOINT WARNING * * *
You scratch the ice beast. You headbutt the ice beast!
The ice beast is severely wounded.
The ice beast closely misses you.
It was a potion of curing.
You feel better. The ice beast hits you. The ice beast freezes you!
Ouch! That really hurt!
You die...

#.....###..###..#.
#.......))...#..#.
#....####..#....#.
#....# #>........
#....####.........
#...<.......##....
###..#####....######
#.....).............
#....####....#######
#.Y..# #.........#
#@# #..#.####.# #.#
#..#....#.# #?#
#..#..#.#.#
#.#####..####.#.#
#.............#.#
###############.##
#.... #.... #....
#.... #....


You could see an ice beast.

Vanquished Creatures
  2 orc wizards (D:3)
  3 adders
  An ooze (D:3)
  3 worms (D:2)
  3 dart slugs
  5 leopard geckos
  5 orcs (D:3)
  6 bats
  6 giant cockroaches
  11 goblins
  5 hobgoblins
  6 frilled lizards
  9 kobolds
  9 rats
74 creatures vanquished.

Notes
Turn   | Place    | Note
-------+----------+-------------------------------------------
     0 | D:1      | hilaritas the Felid Transmuter began the quest for the Orb.
     0 | D:1      | Reached XP level 1. HP: 9/9 MP: 4/4
   285 | D:1      | Reached skill level 1 in Stealth
   285 | D:1      | Reached XP level 2. HP: 12/12 MP: 6/6
   691 | D:1      | Reached XP level 3. HP: 3/15 MP: 5/7
   907 | D:1      | Learned a level 3 spell: Spider Form
  2350 | D:2      | Reached XP level 4. HP: 11/19 MP: 6/8
  3498 | D:3      | Reached XP level 5. HP: 2/22 MP: 7/9
  3502 | D:3      | HP: 1/22 [orc/dagger (1)]
  4167 | D:3      | Killed from afar by an orc wizard
  4168 | D:3      | Reached XP level 4. HP: -5/19 MP: 8/8
  4430 | D:3      | Noticed an ice beast
  4441 | D:3      | Mangled by an ice beast

Skill      XL: |  1  2  3  4 |
---------------+-------------+-----
Stealth        | 1 3 |  3.2
Unarmed Combat | 4 |  4.0
Transmutations | 4 |  4.8
Fighting       | |  1.0
Dodging        | |  2.6
Spellcasting   | |  2.0

Action                   |  1- 3 |  4- 6 || total
-------------------------+-------+-------++-------
Melee: Unarmed           |   152 |   124 ||   276
       Bite              |    10 |    10 ||    20
       Punch             |     1 |       ||     1
       Headbutt          |     7 |     7 ||    14
 Cast: Beastly Appendage |    11 |     8 ||    19
  Use: Potion            |       |     2 ||     2
 Stab: Sleeping          |    11 |     3 ||    14
       Distracted        |       |     2 ||     2
  Eat: Chunk             |    11 |     9 ||    20
Armor: Skin              |     7 |     7 ||    14
Dodge: Dodged            |    98 |    82 ||   180
